Map: Apotheosis LE

Players

TheShadowzXx - Winner!

  • Race: Zerg Zerg
  • League: Silver
  • Spawn Location: 11:00

Fropez

  • Race: Protoss Protoss
  • League: Gold
  • Spawn Location: 5:00

VOD

Have the link to the VOD?

Description

Time

  • Played on: Oct. 12, 2016, 1:37 p.m.
  • Length: 18:31
Show
View Real Time Build Order
Export as new Build Order

TheShadowzXx Zerg - Winner!

Build Orders: Pool First 

Get SALT Encoding   

  12  0:18  Spawning Pool  
  11  0:23  Drone  
  11  0:27  Drone  
  13  0:32  Drone  
  14  0:40  Overlord  
  14  0:52  Extractor  
  13  1:05  Zergling x4  
  13  1:07  Zergling x2  
  13  1:09  Queen  
  18  1:20  Zergling x2  
  19  1:31  Zergling x2  
  20  1:45  Overlord  
  20  2:00  Drone  
  21  2:04  Hatchery  
  20  2:35  Zergling x2  
  20  2:36  Zergling x8  
  20  2:47  Zergling x2  
  20  2:51  Metabolic Boost  
  21  3:10  Zergling x10  
  26  3:19  Drone  
  27  3:27  Lair  
  27  3:30  Drone  
  27  3:32  Drone  
  28  3:54  Overlord  
  28  3:55  Drone  
  29  3:56  Drone x2  
  29  3:59  Drone  
  29  4:00  Drone  
  33  4:04  Drone  
  34  4:11  Zergling x2  
  33  4:30  Zergling x6  
  33  4:31  Zergling x4  
  31  4:47  Zergling x2  
  31  4:48  Zergling x8  
  31  4:51  Queen  
  37  4:57  Drone  
  38  5:00  Overseer  
  38  5:02  Drone  
  38  5:03  Drone  
  38  5:06  Extractor  
  36  5:33  Drone x3  
  39  5:39  Hydralisk Den  
  39  5:40  Drone x2  
  39  5:41  Drone x2  
  42  5:48  Drone x2  
  44  5:57  Overlord x2  
  44  6:02  Infestation Pit  
  43  6:09  Drone  
  44  6:14  Muscular Augments  
  44  6:17  Extractor  
  44  6:18  Drone x3  
  45  6:19  Extractor  
  45  6:24  Hatchery  
  40  6:36  Drone  
  40  6:37  Drone x5  
  46  6:49  Drone  
  47  6:56  Queen  
  49  7:16  Hydralisk  
  49  7:17  Hydralisk x5, Spine Crawler  
  49  7:19  Overlord x2  
  59  7:23  Spine Crawler  
  59  7:27  Overlord x2  
  58  7:37  Overseer  
  58  7:40  Overseer  
  58  7:41  Pneumatized Carapace  
  58  7:53  Spine Crawler  
  58  7:54  Drone x3  
  60  8:01  Hydralisk x5  
  60  8:04  Drone x2  
  71  8:24  Hydralisk x5  
  71  8:26  Zergling x2  
  78  8:36  Drone x4  
  78  8:37  Drone  
  78  8:38  Drone  
  78  8:39  Drone  
  83  8:44  Drone x2  
  83  9:00  Hive  
  83  9:08  Overlord x2  
  83  9:09  Hydralisk x2  
  85  9:14  Roach Warren  
  85  9:16  Drone  
  87  9:17  Drone  
  87  9:18  Drone  
  87  9:21  Drone  
  90  9:31  Drone x2  
  92  9:44  Drone x2  
  94  9:47  Extractor  
  94  9:48  Extractor  
  94  9:52  Drone x2  
  94  10:00  Glial Reconstitution  
  94  10:02  Overlord x2  
  94  10:03  Overlord  
  94  10:08  Spire  
  93  10:20  Queen  
  95  10:22  Hatchery  
  95  10:24  Drone x3  
  95  10:27  Drone  
  95  10:28  Drone x2  
  95  10:29  Drone  
  94  10:38  Drone  
  94  10:39  Drone x2  
  94  10:40  Drone x3  
  99  10:43  Spine Crawler  
  99  10:49  Drone x4  
  90  10:59  Lurker Den  
  90  11:03  Drone x5  
  90  11:04  Drone  
  89  11:11  Drone  
  90  11:20  Spine Crawler  
  89  11:26  Spine Crawler  
  89  11:29  Spine Crawler  
  87  11:36  Spine Crawler  
  87  11:37  Spine Crawler  
  87  11:38  Drone x4  
  87  11:39  Roach  
  91  11:40  Roach x7  
  105  11:58  Roach  
  105  11:59  Roach x6  
  119  12:04  Overlord x2  
  119  12:11  Adrenal Glands  
  119  12:15  Drone x2  
  121  12:29  Roach x4  
  133  12:30  Roach x2  
  133  12:40  Drone  
  133  12:41  Drone x6  
  140  12:44  Drone  
  140  12:45  Drone  
  142  13:05  Drone x2  
  144  13:06  Drone x7  
  144  13:07  Overlord x2  
  144  13:08  Overlord  
  151  13:13  Spine Crawler  
  151  13:15  Spine Crawler  
  151  13:19  Spore Crawler  
  148  13:22  Extractor  
  148  13:24  Extractor  
  148  13:25  Greater Spire  
  148  13:26  Zergling x2  
  148  13:27  Zergling x6  
  148  13:33  Drone  
  148  13:34  Drone x3  
  155  13:41  Drone x3  
  155  13:43  Zergling x2  
  155  13:44  Zergling x14  
  165  13:53  Ravager x2  
  165  13:54  Ravager x8  
  175  13:56  Overlord x4  
  175  14:02  Spore Crawler  
  174  14:17  Spine Crawler  
  173  14:27  Corruptor  
  173  14:28  Corruptor x8  
  125  15:31  Zergling x2  
  125  15:32  Zergling x18  
  125  15:33  Zergling x20  
  124  15:48  Hydralisk x4  
  132  15:57  Hatchery  
  132  15:58  Hydralisk x4  
  139  16:06  Hatchery  
  135  16:34  Burrow  
  135  16:36  Hydralisk  
  135  16:37  Hydralisk x18  
  135  16:38  Hydralisk x3  
  179  16:53  Hatchery  
  178  17:01  Tunneling Claws, Hatchery  
  178  17:03  Roach  
  178  17:04  Roach x7  
  193  17:17  Hydralisk x2  
  193  17:18  Hydralisk  
  182  17:51  Corruptor x8  
  177  17:52  Corruptor x2  
  199  18:01  Brood Lord  
Show
View Real Time Build Order
Export as new Build Order

Fropez Protoss 

Build Orders:  

Get SALT Encoding   

  12  0:01  Probe (Chrono Boost)  
  13  0:16  Probe (Chrono Boost)  
  14  0:29  Probe (Chrono Boost)  
  14  0:30  Pylon  
  15  0:52  Probe (Chrono Boost)  
  15  0:55  Assimilator  
  16  1:00  Gateway  
  16  1:09  Probe (Chrono Boost)  
  17  1:20  Probe (Chrono Boost)  
  18  1:35  Pylon  
  18  1:39  Gateway  
  18  1:50  Cybernetics Core  
  18  1:52  Zealot (Chrono Boost)  
  20  2:07  Probe  
  23  2:31  Pylon x2  
  15  2:41  Probe, Zealot (Chrono Boost)  
  16  2:54  Pylon  
  18  3:02  Stalker (Chrono Boost)  
  18  3:06  Probe  
  19  3:19  Mothership Core  
  21  3:45  Pylon  
  21  3:52  Gateway  
  21  4:04  Gateway  
  21  4:12  Warp Gate (Chrono Boost)  
  21  4:24  Zealot (Chrono Boost)  
  15  4:57  Probe  
  16  5:09  Probe (Chrono Boost)  
  17  5:21  Probe (Chrono Boost)  
  17  5:32  Probe (Chrono Boost)  
  18  5:36  Adept x2  
  18  5:37  Adept  
  18  5:38  Adept  
  27  5:50  Probe (Chrono Boost)  
  27  5:57  Twilight Council  
  27  6:01  Probe (Chrono Boost)  
  27  6:41  Resonating Glaives  
  27  6:45  Adept  
  29  6:50  Pylon  
  29  7:08  Adept x2  
  29  7:09  Adept  
  29  7:14  Probe (Chrono Boost), Assimilator  
  36  7:36  Probe (Chrono Boost)  
  37  7:47  Probe (Chrono Boost)  
  38  7:57  Probe (Chrono Boost)  
  39  8:00  Adept x2  
  43  8:08  Probe (Chrono Boost)  
  44  8:18  Probe (Chrono Boost)  
  45  8:29  Probe (Chrono Boost)  
  42  8:43  Stalker x2  
  42  8:44  Stalker x2  
  48  8:49  Blink (Chrono Boost)  
  48  8:53  Probe (Chrono Boost)  
  49  9:20  Pylon  
  49  9:22  Pylon  
  49  9:36  Nexus  
  49  9:39  Probe  
  50  9:58  Adept x3  
  42  11:13  Gateway x2  
  42  11:17  Probe, Gateway  
  43  11:18  Probe  
  43  11:19  Gateway  
  43  11:20  Pylon  
  43  11:23  Pylon  
  44  11:27  Stalker x2  
  44  11:31  Probe x2  
  50  11:43  Probe  
  51  11:52  Templar Archives  
  51  12:12  Assimilator  
  51  12:14  Assimilator  
  51  12:21  Psionic Storm  
  51  12:23  Adept x3  
  51  12:24  Adept x3  
  63  12:45  Probe  
  63  12:47  Probe  
  65  12:52  High Templar x4  
  73  13:10  Probe  
  73  13:11  Probe  
  75  13:14  High Templar x2  
  79  13:20  Probe  
  79  13:23  Probe  
  81  13:31  Probe  
  82  13:35  Probe  
  82  13:36  High Templar  
  85  13:43  Zealot  
  85  13:44  Zealot x2  
  85  13:46  Charge  
  91  14:14  Nexus  
  91  14:26  Zealot  
  91  14:27  Zealot x3  
  97  14:43  Stalker x2  
  93  15:03  Zealot x2  
  93  15:04  Zealot x3  
  97  15:09  Mothership Core  
  69  15:25  Archon  
  69  15:26  Zealot  
  69  15:27  Zealot x3  
  69  15:28  Zealot x3  
  49  15:55  Nexus  
  49  15:58  Pylon  
  49  16:02  Pylon  
  49  16:04  Gateway  
  49  16:05  Gateway  
  49  16:13  Probe  
  49  16:14  Probe  
  50  16:26  High Templar x4  
  50  16:27  High Templar x3  
  64  16:36  Archon x2  
  64  16:37  Archon x2  
  64  16:40  Probe  
  64  16:42  Probe  
  66  16:51  Probe  
  67  16:54  Probe  
  68  17:10  Nexus  
  68  17:13  Pylon  
  68  17:17  Pylon  
  68  17:19  Robotics Facility  
  45  17:53  Pylon  
  45  18:01  Forge  
  45  18:02  Zealot x3  
  45  18:03  Zealot x4  
  45  18:04  Zealot x2  
Tags
 
Matchup
PvZ
Opening
Pool First
Replay Pack
All Mines
Spawn Locations
Cross Positions
Add a new tag
Caveats
  • Supply blocks, unpowered buildings, or Contaminate may cause inaccurate times.
  • Supply counts are checked every 10 seconds.